 Dungeon Crawl Stone Soup version 0.29.1-15-g9cfb28693d (webtiles) character file.

Game seed: 10989775147414944532

1354 SylarSrden the Trooper (level 8, 0/62 HPs)
             Began as a Demonspawn Monk on Mar 22, 2023.
             Was a Priest of Trog.
             Succumbed to Duvessa's poison
             ... on level 7 of the Dungeon.
             The game lasted 00:17:31 (5432 turns).

SylarSrden the Trooper (Demonspawn Monk)            Turns: 5432, Time: 00:17:32

Health: 0/62       AC: 13    Str: 19    XL:     8   Next: 37%
Magic:  8/8        EV: 13    Int:  6    God:    Trog [***...]
Gold:   198        SH:  0    Dex: 15    Spells: 7/7 levels left

rFire   . . .      SeeInvis +   l - +0 war axe
rCold   + + .      Faith    .   (no shield)
rNeg    . . .      Spirit   .   n - +8 ring mail "Suasoschaha" {rC++}
rPois   .          Reflect  .   (helmet restricted)
rElec   .          Harm     .   (no cloak)
rCorr   .          Rampage  .   (no gloves)
Will    .....                   (no boots)
Stlth   +.........              k - amulet "Noemmommuh" {RegenMP +Blink Str+4 Int-5 SInv}
HPRegen 0.20/turn               (no ring)
MPRegen 0.51/turn               (no ring)

@: confused, lethally poisoned (0 -> -15), ambrosia-drunk, flying
A: hooves 2, horns 1, demonic magic 2
a: Renounce Religion, Evoke Blink, Berserk, Trog's Hand


You were on level 7 of the Dungeon.
You worshipped Trog.
Trog was most pleased with you.
You visited 1 branch of the dungeon, and saw 6 of its levels.

You collected 264 gold pieces.
You spent 66 gold pieces at shops.

Inventory:

Hand Weapons
 l - a +0 war axe (weapon)
Missiles
 w - 4 boomerangs (quivered)
Armour
 n - the +8 ring mail "Suasoschaha" (worn) {rC++}
   (You found it on level 5 of the Dungeon)

   rC:        It greatly protects you from cold.
Jewellery
 k - the amulet "Noemmommuh" (around neck) {RegenMP +Blink Str+4 Int-5 SInv}
   (You acquired it on level 2 of the Dungeon)

   [amulet of magic regeneration]

   It increases your rate of magic regeneration.
   Str:       It affects your strength (+4).
   Int:       It affects your intelligence (-5).
   SInv:      It lets you see invisible.
   +Blink:    It lets you blink.
Scrolls
 i - 3 scrolls of teleportation
 j - a scroll of enchant armour
 m - a scroll of magic mapping {unknown}
 o - a scroll of noise {unknown}
 p - 2 scrolls of identify {unknown}
 q - a scroll of poison {unknown}
 s - a scroll of fog {unknown}
 t - a scroll of immolation {unknown}
 u - a scroll of brand weapon {unknown}
 v - a scroll of vulnerability {unknown}
Potions
 a - 3 potions of flight
 c - a potion of haste {unknown}
 d - a potion of magic {unknown}
 e - 2 potions of mutation {unknown}
 f - 2 potions of degeneration {unknown}
 g - a potion of curing
 h - a potion of lignification {unknown}
 r - a potion of cancellation {unknown}


   Skills:
 + Level 5.3 Fighting
 + Level 3.7 Axes
 - Level 3.1 Armour
 - Level 5.0 Dodging
 + Level 4.7 Stealth
 - Level 4.0 Unarmed Combat


You had 7 spell levels left.
You didn't know any spells.
Your spell library contained the following spells:

 Spells                   Type           Power      Damage    Failure   Level
 Sublimation of Blood     Necr           0%         N/A       77%         2
 Wereblood                Tmut           0%         N/A       77%         2
 Summon Hydra             Summ           0%         N/A       100%        7


Dungeon Overview and Level Annotations

Branches:
Dungeon (7/15)             Temple (0/1) D:5

Altars:
Trog

Shops:
D:5 =   D:6 *

Annotations:
D:6 3 runed translucent doors, n0ni's ghost, novice TrFi
D:7 Duvessa


Innate Abilities, Weirdness & Mutations

You have hoof-like feet.
You have a pair of small horns on your head.
Spells you cast may paralyse nearby enemies.


Message History

Duvessa is lightly wounded.
You feel very sick.
Duvessa hits you with a +2 short sword of venom!
You are more poisoned.
Duvessa closely misses you.
It was a potion of flight.
You feel very buoyant.
You fly up into the air.
You feel very sick.
Duvessa hits you with a +2 short sword of venom!
* * * LOW HITPOINT WARNING * * *
You are lethally poisoned!
Duvessa hits you but does no damage.
You are more poisoned.
It was a potion of curing.
You feel better. Duvessa closely misses you.
You feel better. Duvessa hits you but does no damage.
Duvessa hits you with a +2 short sword of venom.
You are poisoned.
You are confused.
You feel invigorated.
You feel very sick.
Duvessa hits you with a +2 short sword of venom!
* * * LOW HITPOINT WARNING * * *
You are more poisoned.
You are too confused!
You hit Duvessa.
Duvessa is lightly wounded.
You feel very sick. Duvessa completely misses you.
Duvessa hits you with a +2 short sword of venom.
* * * LOW HITPOINT WARNING * * *
You feel very sick.
Duvessa hits you with a +2 short sword of venom!
* * * LOW HITPOINT WARNING * * *
Duvessa hits you with a +2 short sword of venom.
* * * LOW HITPOINT WARNING * * *
You are more poisoned.
* * * LOW HITPOINT WARNING * * *
You feel very sick.
You die...

#.....#....#
#####.....#.>.######
#.........#...#....#
#.........'...#....#
##.........#...'....#
...........##+##.)..#
.......e............#
...=............###)#
..####.@........#..<#
#..........#..##
#.....######...#
#.....# #..## #.....#
#... #.....# #.<.
#.....# #..#. #.....#
+..#> #..#..


You could see Duvessa (berserk).

Vanquished Creatures
  Pikel (D:5)
  Eustachio (D:5)
  A water moccasin (D:5)
  An ice beast (D:5)
  A sky beast (D:6)
  A lemure (D:5)
  A bullfrog (D:7)
  A necrophage (D:6)
  Dowan (D:7)
  A howler monkey (D:5)
  An orc priest (D:5)
  3 iguanas
  3 orc wizards
  3 gnolls (D:5)
  3 adders
  A white imp (D:5)
  A worm (D:2)
  2 dart slugs
  3 orcs
  4 ball pythons
  4 bats
  5 endoplasms (D:1)
  2 giant cockroaches
  3 goblins
  A kobold (D:2)
  4 quokkas
  A frilled lizard (D:2)
  2 rats
56 creatures vanquished.

Notes
Turn   | Place    | Note
-------+----------+-------------------------------------------
     0 | D:1      | SylarSrden the Demonspawn Monk began the quest for the Orb.
     0 | D:1      | Reached XP level 1. HP: 18/18 MP: 1/1
   540 | D:1      | Gained mutation: Spells you cast may paralyse adjacent
                  | enemies. [demonic ancestry]
   540 | D:1      | Reached XP level 2. HP: 3/24 MP: 2/2
  1298 | D:1      | Found a faded altar of an unknown god.
  1307 | D:1      | Prayed at the altar of an unknown god.
  1307 | D:1      | Became a worshipper of Trog the Wrathful
  1307 | D:1      | Reached * piety under Trog
  1307 | D:1      | Reached ** piety under Trog
  1788 | D:2      | Discovered your monstrous ancestry.
  1788 | D:2      | Gained mutation: You have large cloven feet. [demonic
                  | ancestry]
  1788 | D:2      | Reached XP level 3. HP: 18/29 MP: 3/3
  2491 | D:2      | Identified a scroll of acquirement
  2491 | D:2      | Acquired the amulet "Noemmommuh" {RegenMP +Blink Str+4
                  | Int-5 SInv}
  2935 | D:3      | You fall into a shaft and drop 3 floors!
  2948 | D:6      | Reached *** piety under Trog
  2949 | D:6      | Gained mutation: You have a pair of small horns on your
                  | head. [demonic ancestry]
  2949 | D:6      | Reached XP level 4. HP: 20/35 MP: 4/4
  3093 | D:5      | Entered Level 5 of the Dungeon
  3249 | D:5      | Identified the +8 ring mail "Suasoschaha" {rC++}
  3391 | D:5      | Reached XP level 5. HP: 41/41 MP: 5/5
  3401 | D:5      | Found a staircase to the Ecumenical Temple.
  3401 | D:5      | Noticed a water moccasin
  3409 | D:5      | Killed a water moccasin
  3635 | D:5      | Noticed an ice beast
  3664 | D:5      | Killed an ice beast
  3665 | D:5      | Gained mutation: You have hoof-like feet. [demonic
                  | ancestry]
  3665 | D:5      | Reached XP level 6. HP: 19/47 MP: 6/6
  4047 | D:5      | Reached skill level 5 in Dodging
  4311 | D:5      | Noticed Pikel
  4321 | D:5      | Killed Pikel
  4322 | D:5      | Reached XP level 7. HP: 54/54 MP: 7/7
  4366 | D:5      | Found Ybrec's Jewellery Emporium.
  4516 | D:5      | Noticed Eustachio
  4529 | D:5      | Killed Eustachio
  4530 | D:5      | Gained mutation: Spells you cast may paralyse nearby
                  | enemies. [demonic ancestry]
  4530 | D:5      | Reached XP level 8. HP: 57/61 MP: 8/8
  4933 | D:6      | Found Bublef's Assorted Antiques.
  4937 | D:6      | Bought a scroll labelled QOX FETIWUOSIS for 23 gold pieces
  4937 | D:6      | Bought a sedimented pink potion for 20 gold pieces
  4937 | D:6      | Bought a scroll labelled PILAOL UDUPP for 23 gold pieces
  4978 | D:6      | Reached skill level 5 in Fighting
  5186 | D:6      | Found a runed translucent gate.
  5186 | D:6      | Found a runed translucent gate.
  5186 | D:6      | Found a runed translucent gate.
  5191 | D:6      | Noticed n0ni's ghost (novice TrFi)
  5363 | D:7      | Noticed Dowan
  5391 | D:7      | Killed Dowan
  5419 | D:7      | Noticed Duvessa
  5430 | D:7      | HP: 2/62 [Duvessa/+2 short sword of venom (4)]
  5432 | D:7      | Succumbed to Duvessa's poison

Illustrated notes

Levels and vault maps discovered:
D:1:      grunt_arrival_lava_bath, layout_basic, basic_ecumenical_altar
D:2:      layout_loops_cross
D:3:      layout_loops_corners, lemuel_flame_loot_1
D:5:      layout_basic, minmay_temple_entry_drinking_statues, serial_shops,
          nicolae_shop_statue_plus, kennysheep_another_room,
          hangedman_decor_slide_cut, uniq_eustachio, uniq_pikel
D:6:      layout_basic, serial_glass, glass_columns_c, glass_columns_a,
          biasface_ghost_orc_armoury, serial_shops, nicolae_shop_behind_doors
D:7:      layout_gridville, uniq_duvessa

Skill      XL: |  1  2  3  4  5  6  7  8 |
---------------+-------------------------+-----
Unarmed Combat | 3 4 |  4.0
Dodging        | 3 4 5 |  5.0
Armour         | 2 3 |  3.1
Fighting       | 4 5 |  5.3
Axes           | 2 3 |  3.7
Stealth        | 3 4 |  4.7

Action                   |  1- 3 |  4- 6 |  7- 9 || total
-------------------------+-------+-------+-------++-------
Melee: Unarmed           |   138 |    86 |    17 ||   241
       Punch             |     1 |     5 |     3 ||     9
       Kick              |    11 |    29 |    20 ||    60
       Headbutt          |       |    17 |     9 ||    26
       War axe           |       |       |    34 ||    34
Invok: Berserk           |       |     2 |       ||     2
  Use: Scroll            |     3 |       |     1 ||     4
       Potion            |       |       |     4 ||     4
 Stab: Sleeping          |     7 |     1 |     3 ||    11
Armor: Robe              |    21 |       |       ||    21
       Ring mail         |       |    28 |    20 ||    48
Dodge: Dodged            |    91 |    35 |    35 ||   161
